 Dungeon Crawl Stone Soup version 0.30-a0-946-gec5dcfc036 (webtiles) character file.

Game seed: 8830093806209129972

941 gohu the Cleaver (level 8, -1/71 HPs)
             Began as a Hill Orc Fighter on Mar 26, 2023.
             Was a Follower of Trog.
             Slain by a steam dragon (3 damage)
             ... on level 6 of the Dungeon.
             The game lasted 00:08:36 (4761 turns).

gohu the Cleaver (Hill Orc Fighter)                 Turns: 4761, Time: 00:08:36

Health: -1/71      AC: 11    Str: 21    XL:     8   Next: 12%
Magic:  8/8        EV:  6    Int:  8    God:    Trog [*.....]
Gold:   195        SH:  0    Dex: 10    Spells: 7/7 levels left

rFire   . . .      SeeInvis .    a - +0 war axe
rCold   . . .      Faith    .    l - +0 kite shield
rNeg    . . .      Spirit   .    d - +0 chain mail
rPois   .          Reflect  .    o - +2 hat
rElec   .          Rampage  .    (no cloak)
rCorr   .                        (no gloves)
Will    .....                    (no boots) Stlth
                                 (no amulet)
HPRegen 0.31/turn                (no ring)
MPRegen 0.11/turn                (no ring)

@: confused, on berserk cooldown, flying, slowed, very slow
A: no striking features
a: Renounce Religion, Berserk


You were on level 6 of the Dungeon.
You worshipped Trog.
Trog was aware of your devotion.
You visited 1 branch of the dungeon, and saw 7 of its levels.

You collected 195 gold pieces.

Inventory:

Hand Weapons
 a - a +0 war axe (weapon)
Missiles
 g - 10 boomerangs (quivered)
Armour
 b - a +0 scale mail
 c - a +0 buckler
 d - a +0 chain mail (worn)
 l - a +0 kite shield (worn)
 o - a +2 hat (worn)
Scrolls
 i - a scroll of immolation
 j - a scroll of torment {unknown}
 k - a scroll of blinking {unknown}
 p - a scroll of vulnerability {unknown}
 q - a scroll of teleportation {unknown}
 r - a scroll of amnesia {unknown}
Potions
 e - a potion of flight
 f - 2 potions of attraction {unknown}
 h - 2 potions of heal wounds {unknown}
 m - 2 potions of lignification {unknown}
 n - a potion of brilliance {unknown}


   Skills:
 * Level 6.3 Fighting
 * Level 9.4 Axes
 + Level 0.3 Throwing
 + Level 5.3 Armour
 - Level 3.2 Shields


You had 7 spell levels left.
You didn't know any spells.
Your spell library contained the following spells:

 Spells                   Type           Power      Damage    Failure   Level
 Apportation              Tloc           0%         N/A       100%        1
 Necrotise                Necr           0%         1d4       100%        1
 Summon Small Mammal      Summ           0%         N/A       100%        1


Dungeon Overview and Level Annotations

Branches:
Dungeon (7/15)
 Temple: D:4-7

Altars:
Trog
Wu Jian
Xom
The Shining One


Message History

You choke on the stench!
You are more confused.
The steam dragon bites you!
The steam dragon claws you but does no damage.
You bump into the rock wall.
You feel a strong urge to attack something.
You are engulfed in a cloud of scalding steam.
You choke on the stench!
You are more confused.
You're too confused to move!
You are engulfed in a cloud of scalding steam.
You choke on the stench!
You are more confused.
The steam dragon bites you but does no damage.
The steam dragon claws you.
You bump into the rock wall.
You feel your anger nearly subside.
You are engulfed in a cloud of scalding steam.
You choke on the stench!
You are more confused.
You are no longer berserk.
You are exhausted.
You feel yourself slow down. The steam dragon breathes steam at you.
The ball of steam hits you!!
* * * LOW HITPOINT WARNING * * *
The steam dragon breathes steam at you. The ball of steam hits you.
* * * LOW HITPOINT WARNING * * *
It was a potion of flight.
You feel very buoyant.
You fly up into the air.
You are engulfed in a cloud of scalding steam.
You choke on the stench!
You are more confused.
The steam dragon bites you but does no damage.
The steam dragon barely misses you.
The steam dragon attacks as you move away!
The steam dragon barely misses you. The steam dragon claws you.
You die...

... '. ..... ... ## #.
.... ..##.## . #. ...
#.8..$#._ #o ..# #....$#..
#. ..### #....$#..
#.#..... #l8..$# #.<...#.
#D##.## #....... . #§@##
#....... ..
####§§.#######+.......
...##..#§§§.).............
........§..§§†...#........
........§.§.#....##.......
.......§.§.##.....<.......
............#........####.
..............#....###
#################...#


You could see a steam dragon (catching breath) and an iguana.

Vanquished Creatures
  A water moccasin (D:6)
  2 ogres (D:4)
  A gnoll sergeant (D:4)
  A scorpion (D:4)
  A howler monkey (D:5)
  A gnoll bouda (D:5)
  A hound (D:4)
  3 orc priests
  An iguana (D:6)
  Terence (D:2)
  3 orc wizards
  7 gnolls
  5 adders
  A shadow imp (D:4)
  A white imp (D:5)
  3 worms
  3 dart slugs
  16 orcs
  4 endoplasms (D:1)
  3 giant cockroaches
  10 goblins
  8 hobgoblins
  6 jackals
  4 kobolds
  4 quokkas
  10 ball pythons
  6 bats
  2 frilled lizards
  4 rats
113 creatures vanquished.

Vanquished Creatures (others)
  2 demonic plants (D:3)
2 creatures vanquished.

Grand Total: 115 creatures vanquished

Notes
Turn   | Place    | Note
-------+----------+-------------------------------------------
     0 | D:1      | gohu the Hill Orc Fighter began the quest for the Orb.
     0 | D:1      | Reached XP level 1. HP: 19/19 MP: 1/1
    56 | D:1      | Reached XP level 2. HP: 27/27 MP: 2/2
   118 | D:1      | Reached skill level 3 in Axes
   420 | D:1      | Reached XP level 3. HP: 33/33 MP: 3/3
   992 | D:2      | Reached skill level 4 in Axes
  1032 | D:2      | Reached XP level 4. HP: 21/41 MP: 4/4
  1303 | D:2      | Noticed Terence
  1311 | D:2      | Killed Terence
  1971 | D:3      | Noticed a hellwing
  1972 | D:3      | Found a faded altar of an unknown god.
  2027 | D:3      | Reached skill level 5 in Axes
  2099 | D:3      | Reached XP level 5. HP: 20/47 MP: 5/5
  2704 | D:4      | Reached skill level 6 in Axes
  2818 | D:4      | Reached skill level 5 in Fighting
  2818 | D:4      | Reached XP level 6. HP: 25/56 MP: 6/6
  3064 | D:5      | Entered Level 5 of the Dungeon
  3168 | D:4      | Found a bloodstained altar of Trog.
  3176 | D:4      | Became a worshipper of Trog the Wrathful
  3180 | D:4      | Reached skill level 7 in Axes
  3474 | D:4      | Found a glowing golden altar of the Shining One.
  3646 | D:4      | Reached XP level 7. HP: 23/61 MP: 7/7
  3650 | D:4      | Reached skill level 8 in Axes
  4012 | D:5      | Reached * piety under Trog
  4198 | D:6      | Reached skill level 9 in Axes
  4198 | D:6      | Reached skill level 5 in Armour
  4395 | D:5      | Found a shimmering altar of Xom.
  4443 | D:5      | Reached XP level 8. HP: 70/70 MP: 8/8
  4740 | D:6      | Found an ornate altar of the Wu Jian Council.
  4759 | D:6      | HP: 2/71 [steam dragon/ball of steam (4)]
  4761 | D:6      | Slain by a steam dragon

Illustrated notes

Levels and vault maps discovered:
D:1:      erik_arrival_cave_to_civilisation [erik_arrival_cave_to_hall],
          layout_basic, chequers_jeans
D:2:      layout_basic, interstate_on_off, uniq_terence
D:3:      layout_basic, dreamdust_ecumenical_altar_sealed_demon, serial_glass,
          glass_columns_a, glass_columns_b
D:4:      layout_loops_ring, trog_hazing_becter, mainiacjoe_overflow_catwalk,
          st_stairs_2
D:5:      layout_rooms, mainiacjoe_overflow_boulevard
D:6:      layout_cave_pools, lemuel_coloured_pillars_altar,
          jmf_multi_god_temple, temple_doors_ab, serial_shops,
          nicolae_take_the_stairs
D:7:      layout_gridville, uniq_prince_ribbit1, uniq_joseph

Skill      XL: |  1  2  3  4  5  6  7 |
---------------+----------------------+-----
Fighting       | 4 5 6 |  6.3
Axes           | 3 4 5 6 7 9 |  9.4
Armour         | 4 5 |  5.3
Throwing       | |  0.3
Shields        | |  3.2

Action                     |  1- 3 |  4- 6 |  7- 9 || total
---------------------------+-------+-------+-------++-------
  Melee: War axe           |    99 |   177 |    94 ||   370
  Throw: Boomerang         |       |       |     5 ||     5
 Invoke: Berserk           |       |       |     2 ||     2
    Use: Potion            |       |     2 |     1 ||     3
         Scroll            |       |       |     1 ||     1
 Armour: Scale mail        |    47 |     4 |       ||    51
         Chain mail        |       |   104 |    59 ||   163
  Dodge: Dodged            |    51 |    63 |    21 ||   135
  Block: Buckler           |    15 |    45 |     1 ||    61
         Kite shield       |       |       |    35 ||    35

Table legend: (Time is in decaauts)
 A = Elapsed time spent in this place.
 B = Non-inter-level travel time spent in this place.
 C = Inter-level travel time spent in this place.
 D = Time resting spent in this place.
 E = Time spent auto-exploring this place.
 F = Levels seen in this place.
 G = Mean time per level.
                   A        B        C        D        E       F      G
               +--------+--------+--------+--------+--------+-----+--------+
         Total |   4885 |   4656 |    229 |    271 |   3303 |   7 |  697.9 |
       Dungeon |   4885 |   4656 |    229 |    271 |   3303 |   7 |  697.9 |
               +--------+--------+--------+--------+--------+-----+--------+

Top non-repeatable levels by time:
     D:4: 1299 daAuts
     D:2: 1032 daAuts
     D:3: 882 daAuts
     D:1: 854 daAuts
     D:5: 720 daAuts
     D:6: 94 daAuts
     D:7: 1 daAuts
